 Dungeon Crawl Stone Soup version 0.30-a0-168-g0b976cbdc4 (webtiles) character file.

Game seed: 8254714798181642887

106837 qw the Severer (level 16, -16/104 HPs)
             Began as a Gargoyle Fighter on Sept 29, 2022.
             Was a High Priest of Okawaru.
             Blown up by a sun moth (24 damage)
             ... with a bolt of energy
             ... on level 2 of the Spider Nest.
             The game lasted 00:12:37 (30925 turns).

qw the Severer (Gargoyle Fighter)                  Turns: 30925, Time: 00:12:38

Health: -16/104    AC: 53    Str: 32    XL:     16   Next: 45%
Magic:  5/7        EV: 15    Int: 10    God:    Okawaru [*****.]
Gold:   687        SH: 15    Dex: 11    Spells: 15/15 levels left

rFire   + . .      SeeInvis +    C - +2 broad axe "Ulutsaj" {antimagic, rCorr Str+5 Dex+2 Stlth+}
rCold   . . .      Faith    .    t - +1 kite shield {AC+3}
rNeg    + . .      Spirit   .    G - +3 plate armour {rF+}
rPois   inf        Reflect  .    A - +2 hat {SInv}
rElec   +          Harm     .    b - +2 cloak
rCorr   +          Rampage  .    a - +2 pair of gloves
Will    +....                    u - +2 pair of boots
Stlth   ..........               (no amulet)
HPRegen 0.27/turn                D - +4 ring of protection
MPRegen 0.10/turn                v - +4 ring of evasion

@: heroic, flying, glowing
A: sickness immunity, AC +12, big wings, negative energy resistance 1,
electricity resistance, torment resistance 1, petrification resistance
a: Renounce Religion, Heroism, Finesse, Duel


You were on level 2 of the Spider Nest.
You worshipped Okawaru.
Okawaru was extremely pleased with you.
You visited 5 branches of the dungeon, and saw 25 of its levels.
You also visited: Gauntlet.

You collected 4100 gold pieces.
You spent 3413 gold pieces at shops.


Innate Abilities, Weirdness & Mutations

You are immune to sickness and miasma.
Your stone body is resilient. (AC +12)
You are immune to poison.
Your large and strong wings let you fly.
You resist negative energy. (rN+)
You are resistant to electric shocks. (rElec)
You are resistant to unholy torment.
You are immune to petrification.


   Skills:
 - Level 13.0(18.0) Fighting
 - Level 17.0(22.0) Axes
 - Level 7.0(12.0) Throwing
 - Level 12.0(17.0) Armour
 + Level 3.0(8.0) Dodging
 - Level 13.0(18.0) Shields
 - Level 10.0 Invocations


You had 15 spell levels left.
You didn't know any spells.
Your spell library was empty.

Inventory:

Hand Weapons
 q - the +6 war axe of Kealol {drain, rC+ Will+}
   (You found it on level 3 of the Lair of Beasts)

   A truly terrible weapon, it drains the life of any living foe it strikes.
   rC:        It protects you from cold.
   Will:      It increases your willpower.
 w - a +0 broad axe of flaming
 C - the +2 broad axe "Ulutsaj" (weapon) {antimagic, rCorr Str+5 Dex+2 Stlth+}
   (Okawaru gifted it to you on level 11 of the Dungeon)

   It reduces the magical energy of the wielder, and disrupts the spells and
   magical abilities of those it strikes.
   Natural abilities and divine invocations are not affected.
   Str:       It affects your strength (+5).
   Dex:       It affects your dexterity (+2).
   rCorr:     It protects you from acid and corrosion.
   Stlth:     It makes you more stealthy.
Missiles
 o - 6 boomerangs (quivered)
Armour
 a - a +2 pair of gloves (worn)
 b - a +2 cloak (worn)
 s - +0 acid dragon scales
 t - a +1 kite shield of protection (worn)
 u - a +2 pair of boots (worn)
 A - a +2 hat of see invisible (worn)
 E - a +2 helmet of intelligence
 G - a +3 plate armour of fire resistance (worn)
Jewellery
 l - a ring of fire
 v - a +4 ring of evasion (right hand)
 x - a ring of protection from cold
 D - a +4 ring of protection (left hand)
 Y - the ring "Maifotusch" {rF+ Will+ MP+9}
   (You found it in a Gauntlet)

   [ring of willpower]

   rF:        It protects you from fire.
   MP:        It affects your magic capacity (+9).
   Will:      It increases your willpower.
Scrolls
 g - 3 scrolls of brand weapon
 m - 20 scrolls of identify
 F - 2 scrolls of enchant weapon
Potions
 d - 5 potions of might
 e - 4 potions of cancellation
 f - 5 potions of lignification
 h - 12 potions of curing
 j - 5 potions of mutation
 k - 4 potions of attraction
 p - 3 potions of magic
 r - 6 potions of haste
 z - a potion of resistance

Dungeon Overview and Level Annotations

Branches:
Dungeon (15/15)            Temple (1/1) D:6            Lair (5/5) D:10
  Swamp (0/4) Lair:2       Spider (2/4) Lair:3        Slime (0/5) Lair:5
    Orc (2/2) D:9             Elf (0/3) Orc:2        Vaults (0/5) D:14
 Depths (0/4) D:15        Gauntlet (visited)

Altars:
Ashenzari
Cheibriados
Dithmenos
Elyvilon
Fedhas
Gozag
Hepliaklqana
Kikubaaqudgha
Makhleb
Nemelex Xobeh
Okawaru
Qazlal
Ru
Sif Muna
Trog
Uskayaw
Vehumet
Wu Jian
Xom
Yredelemnul
Zin
The Shining One
Jiyva

Shops:
D:7 [   D:12 !   D:14 :   D:15 [:**   Orc:2 [?*[


Message History

You kill the meliai!
Okawaru accepts your kill.
You feel like a meek peon again.
Things that are here:
a +3 hand axe of freezing; a +0 leather armour; a scroll of amnesia You start resting.
A sun moth is nearby!
30918 ||| INVOKING Heroism.
You gain the combat prowess of a mighty hero.
The jumping spider's many legs skitter faintly.
You hit the sun moth.
The sun moth is lightly wounded.
The jumping spider leaps!
The sun moth barely misses you.
The jumping spider leaps!
You miss the sun moth.
The sun moth is lightly wounded.
The sun moth bites you but does no damage.
You slash the sun moth!
The sun moth is moderately wounded.
The sun moth bites you!
You slice the sun moth!!
The sun moth is heavily wounded.
You slash the jumping spider!
The jumping spider pounces on you but does no damage.
The jumping spider bites you but does no damage.
You slash the sun moth!
The sun moth is severely wounded.
You slice the jumping spider!!
You kill the jumping spider!
Okawaru accepts your kill.
You slice the redback!!
You kill the redback!
Okawaru accepts your kill. The sun moth bites you.
Your base Fighting skill increases to level 13!
You slash the sun moth!
The sun moth is almost dead.
The sun moth throws energy at you. The bolt of energy hits you!!
You die...

.....................
.....................#
......................
..$...................
.................?....
......................
...........))........#
.............)%.....#
.............@...###
............%y.##
[.............(#
..............#
..............
...........#..
#........#....
###....##.....


You could see a sun moth.

Vanquished Creatures
  Kirke (D:12)
  2 ghost moths (Spider:2)
  A balrug (Gauntlet)
  Nessos (D:15)
  A stone giant (D:15)
  A minotaur (Gauntlet)
  4 dire elephants (Lair:5)
  A yaktaur captain (D:14)
  A rakshasa (D:13)
  6 hydras
  A catoblepas (Lair:3)
  5 centaur warriors
  Erolcha (D:10)
  A radroach (Spider:2)
  10 boulder beetles
  2 two-headed ogres (D:11)
  A spectral dire elephant (Lair:5)
  3 orc high priests (Orc:2)
  5 tengu warriors
  Nergalle (D:10)
  A soul eater (Gauntlet)
  3 pharaoh ants
  4 skeletal warriors (D:12)
  Lodul (D:14)
  A spectral death yak (Lair:5)
  A spectral anaconda (Lair:5)
  2 orb spiders (Spider:2)
  3 steelbarb worms
  An obsidian statue (Lair:5)
  A bog body (Lair:2)
  3 necromancers (Lair:5)
  6 orc knights
  2 deep elf pyromancers
  6 cyclopes
  3 manticores
  5 orc sorcerers
  5 wolf spiders
  A moth of wrath (Spider:2)
  16 elephants
  A dire elephant zombie (Lair:5)
  A guardian serpent (shapeshifter) (D:15)
  5 black mambas
  10 cane toads
  A gargoyle (D:13)
  3 torpor snails (Spider:1)
  An efreet (D:9)
  A dire elephant skeleton (Lair:5)
  2 yaktaurs (D:14)
  6 komodo dragons
  3 demonic crawlers
  6 rime drakes
  12 meliai
  3 polar bears
  A queen bee (D:9)
  5 trolls
  7 tarantellas
  3 slime creatures (D:15)
  A spectral elephant (Lair:5)
  4 dream sheep (Lair:5)
  4 jumping spiders
  A culicivora (shapeshifter) (D:14)
  5 culicivoras
  5 shadows
  A water elemental (D:15)
  2 wraiths
  58 yaks
  6 hogs (D:12)
  A vampire (D:12)
  2 wyverns
  2 basilisks
  28 redbacks
  A death yak simulacrum (Lair:5)
  3 steam dragons (D:7)
  5 wargs
  2 spectral cane toads (Lair:5)
  4 swamp worms (Lair:2)
  4 acid dragons
  12 water moccasins
  2 hell hounds (Gauntlet)
  19 orc warriors
  2 black bears
  An elephant zombie (Lair:5)
  An elephant skeleton (Lair:5)
  12 ogres
  12 wolves
  15 centaurs
  Blork the orc (D:5)
  A phantom (D:4)
  14 bullfrogs
  2 kobold brigands
  2 necrophages
  6 scorpions
  A cane toad simulacrum (Lair:5)
  2 gnoll sergeants
  4 wights (D:6)
  29 killer bees
  3 elephant simulacra (Lair:5)
  4 electric eels
  6 howler monkeys
  3 jellies
  A gnoll bouda (D:5)
  18 orc priests
  2 hounds
  4 iguanas
  22 orc wizards
  8 adders
  22 gnolls
  4 shadow imps
  A worm (D:4)
  3 dart slugs
  72 orcs
  6 endoplasms
  7 giant cockroaches
  5 hobgoblins
  3 jackals (D:2)
  6 quokkas
  7 ball pythons
  6 bats
  2 frilled lizards
  9 goblins
  49 kobolds
  6 rats
741 creatures vanquished.

Vanquished Creatures (others)
  An orc priest (Orc:2)
  12 fungi
  24 plants
  18 withered plants
55 creatures vanquished.

Grand Total: 796 creatures vanquished

Notes
Turn   | Place    | Note
-------+----------+-------------------------------------------
     0 | D:1      | qw the Gargoyle Fighter began the quest for the Orb.
     0 | D:1      | Reached XP level 1. HP: 14/14 MP: 1/1
     0 | D:1      | 0 ||| qw: Version: 0.2-a-12-gaebbb33
     0 | D:1      | 0 ||| qw: Game counter: 1086
     0 | D:1      | 0 ||| qw: Always use a shield: true
     0 | D:1      | 0 ||| qw: God list: Okawaru
     0 | D:1      | 0 ||| qw: Allow faded altars: false
     0 | D:1      | 0 ||| qw: Do Orc after D:15 true
     0 | D:1      | 0 ||| qw: Do second Lair branch before Depths: true
     0 | D:1      | 0 ||| qw: Lair rune preference: random
     0 | D:1      | 0 ||| qw: Plans: Normal, Zot:1-4, God:TSO, Crypt, Tomb,
                  | Pan, Slime:5, Hells, Abyss, Orb
     0 | D:1      | 0 ||| PLANNING D:1-11
    82 | D:1      | 82 ||| Stepping ~*~*~tactically~*~*~ (stealth).
    84 | D:1      | Reached skill level 2 in Axes
   112 | D:1      | 112 ||| Stepping ~*~*~tactically~*~*~ (hiding).
   113 | D:1      | 113 ||| Stepping ~*~*~tactically~*~*~ (hiding).
   122 | D:1      | Reached XP level 2. HP: 19/19 MP: 2/2
   225 | D:1      | 225 ||| Stepping ~*~*~tactically~*~*~ (stealth).
   257 | D:1      | 257 ||| DROPPING +0 club.
   269 | D:1      | 269 ||| Stepping ~*~*~tactically~*~*~ (stealth).
   413 | D:1      | Found a faded altar of an unknown god.
   457 | D:1      | Reached skill level 3 in Axes
   580 | D:1      | 580 ||| READING scroll labelled IHONGU RAMOAGG.
   581 | D:1      | 581 ||| DRINKING 2 white potions.
   635 | D:2      | Reached XP level 3. HP: 23/23 MP: 3/3
   716 | D:2      | 716 ||| Stepping ~*~*~tactically~*~*~ (hiding).
  1012 | D:2      | 1012 ||| Stepping ~*~*~tactically~*~*~ (stealth).
  1013 | D:2      | 1013 ||| Stepping ~*~*~tactically~*~*~ (stealth).
  1058 | D:2      | 1058 ||| Stepping ~*~*~tactically~*~*~ (hiding).
  1261 | D:2      | 1261 ||| Stepping ~*~*~tactically~*~*~ (stealth).
  1262 | D:2      | 1262 ||| Stepping ~*~*~tactically~*~*~ (stealth).
  1271 | D:2      | 1271 ||| Stepping ~*~*~tactically~*~*~ (stealth).
  1276 | D:2      | 1276 ||| Stepping ~*~*~tactically~*~*~ (stealth).
  1277 | D:2      | 1277 ||| Stepping ~*~*~tactically~*~*~ (stealth).
  1341 | D:2      | 1341 ||| Stepping ~*~*~tactically~*~*~ (stealth).
  1486 | D:2      | Reached XP level 4. HP: 24/28 MP: 4/4
  1718 | D:2      | 1718 ||| UPGRADING to +0 chain mail.
  1728 | D:2      | 1728 ||| DROPPING +0 scale mail.
  1729 | D:2      | 1729 ||| UPGRADING to +6 ring of dexterity.
  1730 | D:2      | 1730 ||| READING 2 scrolls labelled NUC PU RABUF.
  1733 | D:2      | 1733 ||| READING scroll labelled YSTUYRR VUUP.
  1788 | D:2      | 1788 ||| READING 3 scrolls labelled EWIGHIO KEMOC.
  1789 | D:2      | 1789 ||| READING scroll labelled UNOSTRO MASOZU.
  1790 | D:2      | 1790 ||| READING 2 scrolls labelled TAL BEEJIHOUNG.
  1791 | D:2      | 1791 ||| READING scroll labelled BOWYSA QEICKI.
  1892 | D:2      | 1892 ||| DRINKING 3 fizzy golden potions.
  1893 | D:2      | 1893 ||| DRINKING 2 grey potions.
  1894 | D:2      | 1894 ||| READING 2 scrolls of identify.
  1894 | D:2      | 1894 ||| IDENTIFYING metallic dark potion
  1895 | D:2      | 1895 ||| DROPPING 2 potions of brilliance.
  1896 | D:2      | 1896 ||| DROPPING scroll of fear.
  2082 | D:3      | 2082 ||| UPGRADING to +0 cloak.
  2089 | D:3      | Reached skill level 4 in Axes
  2233 | D:3      | Reached skill level 1 in Dodging
  2720 | D:3      | 2720 ||| Stepping ~*~*~tactically~*~*~ (stealth).
  2729 | D:3      | Reached XP level 5. HP: 32/32 MP: 5/5
  2885 | D:3      | 2885 ||| Stepping ~*~*~tactically~*~*~ (stealth).
  3157 | D:3      | 3157 ||| Stepping ~*~*~tactically~*~*~ (stealth).
  3163 | D:3      | Reached skill level 5 in Axes
  3180 | D:3      | Reached XP level 6. HP: 11/38 MP: 6/6
  3183 | D:3      | HP: 8/38 [kobold/+0 club (2)]
  3184 | D:3      | 3184 ||| READING scroll of teleportation.
  3462 | D:3      | 3462 ||| Stepping ~*~*~tactically~*~*~ (stealth).
  3463 | D:3      | 3463 ||| Stepping ~*~*~tactically~*~*~ (stealth).
  3480 | D:3      | 3480 ||| FLEEEEING.
  3484 | D:3      | 3484 ||| Stepping ~*~*~tactically~*~*~ (water).
  3512 | D:3      | 3512 ||| FLEEEEING.
  3557 | D:3      | 3557 ||| FLEEEEING.
  3558 | D:3      | 3558 ||| FLEEEEING.
  3559 | D:3      | 3559 ||| FLEEEEING.
  3560 | D:3      | 3560 ||| FLEEEEING.
  3616 | D:3      | 3616 ||| Stepping ~*~*~tactically~*~*~ (stealth).
  3702 | D:3      | 3702 ||| UPGRADING to +0 pair of gloves.
  3979 | D:3      | 3979 ||| READING scroll labelled SYPTICLEUDO.
  3980 | D:3      | 3980 ||| READING 2 scrolls of identify.
  3980 | D:3      | 3980 ||| IDENTIFYING bubbling black potion
  4089 | D:4      | HP: 9/38 [orc priest/divine providence (9)]
  4095 | D:4      | 4095 ||| FLEEEEING.
  4096 | D:4      | 4096 ||| FLEEEEING.
  4096 | D:4      | HP: 3/38 [something (3)]
  4097 | D:4      | 4097 ||| FLEEEEING.
  4098 | D:4      | 4098 ||| FLEEEEING.
  4099 | D:4      | 4099 ||| FLEEEEING.
  4100 | D:4      | 4100 ||| FLEEEEING.
  4101 | D:4      | 4101 ||| FLEEEEING.
  4102 | D:4      | 4102 ||| FLEEEEING.
  4103 | D:4      | 4103 ||| FLEEEEING.
  4104 | D:4      | 4104 ||| FLEEEEING.
  4105 | D:4      | 4105 ||| FLEEEEING.
  4106 | D:4      | 4106 ||| FLEEEEING.
  4110 | D:4      | 4110 ||| FLEEEEING.
  4111 | D:4      | 4111 ||| FLEEEEING.
  4112 | D:4      | 4112 ||| FLEEEEING.
  4113 | D:4      | 4113 ||| STAIRDANCE
  4354 | D:3      | 4354 ||| FLEEEEING.
  4355 | D:3      | 4355 ||| FLEEEEING.
  4358 | D:3      | 4358 ||| FLEEEEING.
  4383 | D:3      | 4383 ||| READING scroll labelled ROUCAPL HEXUNI.
  4384 | D:3      | 4384 ||| READING scroll labelled ASHASCH SUATECU.
  4407 | D:4      | 4407 ||| STAIRDANCE
  4409 | D:4      | 4409 ||| STAIRDANCE
  4518 | D:4      | Reached skill level 6 in Axes
  4518 | D:4      | Reached XP level 7. HP: 42/43 MP: 7/7
  4618 | D:4      | Reached skill level 7 in Axes
  4671 | D:4      | Found a hazy altar of Hepliaklqana.
  4971 | D:4      | 4971 ||| READING scroll labelled JIPLUDEFUI.
  4972 | D:4      | 4972 ||| DRINKING 2 dark potions.
  4973 | D:4      | 4973 ||| READING 2 scrolls of identify.
  4973 | D:4      | 4973 ||| IDENTIFYING black potion
  4974 | D:4      | 4974 ||| DROPPING potion of invisibility.
  5000 | D:5      | Entered Level 5 of the Dungeon
  5058 | D:5      | Noticed Blork the orc
  5059 | D:5      | 5059 ||| DRINKING 2 potions of curing.
  5059 | D:5      | 5059 ||| (to cure confusion)
  5060 | D:5      | 5060 ||| Stepping ~*~*~tactically~*~*~ (hiding).
  5066 | D:5      | Killed Blork the orc
  5067 | D:5      | Reached XP level 8. HP: 35/49 MP: 8/8
  5077 | D:5      | HP: 10/49 [orc/+0 trident (5)]
  5078 | D:5      | 5078 ||| READING scroll of teleportation.
  5079 | D:5      | 5079 ||| DRINKING potion of heal wounds.
  5274 | D:5      | 5274 ||| Stepping ~*~*~tactically~*~*~ (stealth).
  5303 | D:5      | 5303 ||| Stepping ~*~*~tactically~*~*~ (stealth).
  5304 | D:5      | 5304 ||| Stepping ~*~*~tactically~*~*~ (stealth).
  5308 | D:5      | 5308 ||| Stepping ~*~*~tactically~*~*~ (hiding).
  5420 | D:5      | Found a shimmering blue altar of Sif Muna.
  5930 | D:5      | 5930 ||| DROPPING +6 ring of intelligence.
  5931 | D:5      | 5931 ||| READING scroll labelled ULIDEU RUAKI.
  5932 | D:5      | 5932 ||| READING 3 scrolls of identify.
  5932 | D:5      | 5932 ||| IDENTIFYING sedimented cyan potion
  5933 | D:5      | 5933 ||| READING 2 scrolls of identify.
  5933 | D:5      | 5933 ||| IDENTIFYING glowing green potion
  5934 | D:5      | 5934 ||| DROPPING potion of berserk rage.
  5970 | D:6      | 5970 ||| STAIRDANCE
  6018 | D:6      | 6018 ||| STAIRDANCE
  6022 | D:6      | 6022 ||| STAIRDANCE
  6034 | D:5      | Reached skill level 8 in Axes
  6382 | D:6      | 6382 ||| Stepping ~*~*~tactically~*~*~ (stealth).
  6388 | D:6      | 6388 ||| Stepping ~*~*~tactically~*~*~ (hiding).
  6399 | D:6      | 6399 ||| Stepping ~*~*~tactically~*~*~ (stealth).
  6425 | D:6      | 6425 ||| Stepping ~*~*~tactically~*~*~ (stealth).
  6641 | D:6      | Found a staircase to the Ecumenical Temple.
  6642 | D:6      | 6642 ||| PLANNING TEMPLE
  6642 | D:6      | 6642 ||| DRINKING 2 puce potions.
  6643 | D:6      | 6643 ||| DROPPING potion of degeneration.
  6652 | Temple   | Entered the Ecumenical Temple
  6662 | Temple   | 6662 ||| PLANNING OKAWARU WORSHIP
  6851 | Temple   | Became a worshipper of Warmaster Okawaru
  6852 | Temple   | 6852 ||| PLANNING D:1-11
  6897 | D:6      | 6897 ||| Stepping ~*~*~tactically~*~*~ (hiding).
  6901 | D:6      | 6901 ||| Stepping ~*~*~tactically~*~*~ (hiding).
  6910 | D:6      | 6910 ||| Stepping ~*~*~tactically~*~*~ (stealth).
  6911 | D:6      | 6911 ||| Stepping ~*~*~tactically~*~*~ (stealth).
  6912 | D:6      | 6912 ||| Stepping ~*~*~tactically~*~*~ (hiding).
  6913 | D:6      | 6913 ||| Stepping ~*~*~tactically~*~*~ (hiding).
  6916 | D:6      | 6916 ||| Stepping ~*~*~tactically~*~*~ (hiding).
  6917 | D:6      | 6917 ||| Stepping ~*~*~tactically~*~*~ (hiding).
  6924 | D:6      | Reached skill level 6 in Fighting
  6947 | D:6      | 6947 ||| DROPPING +0 flail.
  7129 | D:6      | Reached XP level 9. HP: 32/55 MP: 9/9
  7300 | D:6      | Reached * piety under Okawaru
  7396 | D:6      | 7396 ||| Stepping ~*~*~tactically~*~*~ (stealth).
  7405 | D:6      | Reached skill level 9 in Axes
  7405 | D:6      | Reached skill level 1 in Invocations
  7668 | D:7      | 7668 ||| Stepping ~*~*~tactically~*~*~ (hiding).
  7670 | D:7      | 7670 ||| Stepping ~*~*~tactically~*~*~ (hiding).
  7674 | D:7      | 7674 ||| INVOKING Heroism.
  7740 | D:7      | 7740 ||| FLEEEEING.
  7741 | D:7      | 7741 ||| FLEEEEING.
  7742 | D:7      | 7742 ||| FLEEEEING.
  7743 | D:7      | 7743 ||| STAIRDANCE
  7811 | D:7      | 7811 ||| INVOKING Heroism.
  7932 | D:7      | 7932 ||| INVOKING Heroism.
  7935 | D:7      | 7935 ||| Stepping ~*~*~tactically~*~*~ (cloud).
  8043 | D:7      | Found Gesesuz's Antique Armour Shoppe.
  8054 | D:7      | Reached skill level 3 in Invocations
  8054 | D:7      | 8054 ||| READING scroll of enchant armour.
  8054 | D:7      | 8054 ||| ENCHANTING +0 pair of gloves.
  8063 | D:7      | 8063 ||| BUYING embroidered cloak (217 gold).
  8063 | D:7      | Bought an embroidered cloak for 217 gold pieces
  8063 | D:7      | 8063 ||| BUYING runed ring mail (203 gold).
  8063 | D:7      | Bought a runed ring mail for 203 gold pieces
  8063 | D:7      | 8063 ||| SHOPLISTING slimy gold dragon scales (2465 gold,
                  | have 125).
  8078 | D:7      | 8078 ||| Stepping ~*~*~tactically~*~*~ (hiding).
  8080 | D:7      | 8080 ||| INVOKING Heroism.
  8091 | D:7      | 8091 ||| DRINKING 4 potions of curing.
  8091 | D:7      | 8091 ||| (to cure confusion)
  8171 | D:7      | 8171 ||| Stepping ~*~*~tactically~*~*~ (hiding).
  8174 | D:7      | 8174 ||| INVOKING Heroism.
  8175 | D:7      | 8175 ||| Stepping ~*~*~tactically~*~*~ (cloud).
  8177 | D:7      | 8177 ||| READING scroll labelled EXKUCZEAWI.
  8501 | D:7      | 8501 ||| Stepping ~*~*~tactically~*~*~ (hiding).
  8504 | D:7      | 8504 ||| INVOKING Heroism.
  8510 | D:7      | Reached ** piety under Okawaru
  8527 | D:7      | 8527 ||| UPGRADING to +0 kite shield.
  8537 | D:7      | 8537 ||| DROPPING +0 buckler.
  8538 | D:7      | 8538 ||| DROPPING +0 cloak of preservation.
  8573 | D:8      | Found a blossoming altar of Fedhas.
  8576 | D:8      | Found a glowing golden altar of the Shining One.
  8579 | D:8      | Found an ornate altar of the Wu Jian Council.
  8582 | D:8      | Found an opulent altar of Gozag.
  8755 | D:8      | Found an ancient bone altar of Kikubaaqudgha.
  8808 | D:8      | 8808 ||| INVOKING Heroism.
  8916 | D:8      | 8916 ||| INVOKING Heroism.
  8920 | D:8      | Reached skill level 1 in Throwing
  8930 | D:8      | Reached skill level 6 in Shields
  8931 | D:8      | HP: 12/57 [yak (3)]
  8932 | D:8      | 8932 ||| READING scroll of teleportation.
  8935 | D:8      | Reached XP level 10. HP: 13/63 MP: 13/13
  9465 | D:8      | 9465 ||| Stepping ~*~*~tactically~*~*~ (stealth).
  9473 | D:8      | 9473 ||| INVOKING Heroism.
  9732 | D:8      | 9732 ||| INVOKING Heroism.
  9812 | D:8      | 9812 ||| UPGRADING to +0 plate armour.
  9822 | D:8      | 9822 ||| DROPPING +0 chain mail.
  9823 | D:8      | 9823 ||| DROPPING +0 ring mail of cold resistance.
  9824 | D:8      | 9824 ||| READING 5 scrolls of identify.
  9824 | D:8      | 9824 ||| IDENTIFYING bubbling brown potion
  9890 | D:9      | 9890 ||| INVOKING Heroism.
  9964 | D:9      | 9964 ||| READING scroll of enchant armour.
  9964 | D:9      | 9964 ||| ENCHANTING +1 pair of gloves.
 10084 | D:9      | 10084 ||| Stepping ~*~*~tactically~*~*~ (stealth).
 10095 | D:9      | 10095 ||| INVOKING Heroism.
 10099 | D:9      | Reached *** piety under Okawaru
 10101 | D:9      | Reached skill level 6 in Armour
 10260 | D:9      | 10260 ||| Stepping ~*~*~tactically~*~*~ (stealth).
 10310 | D:9      | 10310 ||| INVOKING Heroism.
 10384 | D:9      | Noticed a centaur warrior
 10385 | D:9      | 10385 ||| Stepping ~*~*~tactically~*~*~ (hiding).
 10408 | D:9      | 10408 ||| INVOKING Heroism.
 10409 | D:9      | Killed a centaur warrior
 10410 | D:9      | Reached skill level 9 in Shields
 10576 | D:9      | 10576 ||| READING scroll of enchant armour.
 10576 | D:9      | 10576 ||| ENCHANTING +0 cloak.
 10727 | D:9      | 10727 ||| Stepping ~*~*~tactically~*~*~ (hiding).
 10748 | D:9      | 10748 ||| READING scroll labelled BOMNOR OQUPLAV.
 10766 | D:9      | 10766 ||| Stepping ~*~*~tactically~*~*~ (hiding).
 10781 | D:9      | 10781 ||| INVOKING Heroism.
 11128 | D:9      | Found a staircase to the Orcish Mines.
 11133 | D:9      | 11133 ||| Stepping ~*~*~tactically~*~*~ (hiding).
 11138 | D:9      | 11138 ||| INVOKING Heroism.
 11323 | D:9      | Reached **** piety under Okawaru
 11417 | D:9      | 11417 ||| Stepping ~*~*~tactically~*~*~ (stealth).
 11419 | D:9      | 11419 ||| INVOKING Heroism.
 11425 | D:9      | Reached XP level 11. HP: 61/67 MP: 11/14
 11429 | D:9      | Reached skill level 10 in Axes
 11448 | D:9      | 11448 ||| INVOKING Heroism.
 11469 | D:9      | HP: 16/68 [killer bee (6)]
 11470 | D:9      | 11470 ||| READING 2 scrolls of teleportation.
 11471 | D:9      | 11471 ||| DRINKING 3 potions of heal wounds.
 11574 | D:9      | 11574 ||| INVOKING Heroism.
 11640 | D:9      | 11640 ||| INVOKING Heroism.
 11685 | D:9      | 11685 ||| INVOKING Heroism.
 11840 | D:9      | 11840 ||| READING 6 scrolls of identify.
 11840 | D:9      | 11840 ||| IDENTIFYING cyan potion
 11841 | D:9      | 11841 ||| DROPPING potion of flight.
 11868 | D:10     | Entered Level 10 of the Dungeon
 11930 | D:10     | Found a sacrificial altar of Ru.
 12019 | D:10     | Noticed Erolcha
 12020 | D:10     | 12020 ||| INVOKING Heroism.
 12030 | D:10     | Killed Erolcha
 12031 | D:10     | Reached skill level 3 in Throwing
 12031 | D:10     | Reached skill level 6 in Invocations
 12230 | D:10     | Noticed Nergalle
 12231 | D:10     | 12231 ||| FLEEEEING.
 12238 | D:10     | 12238 ||| FLEEEEING.
 12239 | D:10     | 12239 ||| FLEEEEING.
 12240 | D:10     | 12240 ||| INVOKING Heroism.
 12267 | D:10     | 12267 ||| INVOKING Heroism.
 12273 | D:10     | Killed Nergalle
 12418 | D:10     | 12418 ||| FLEEEEING.
 12538 | D:10     | 12538 ||| INVOKING Heroism.
 12610 | D:10     | 12610 ||| INVOKING Heroism.
 12718 | D:10     | Found a staircase to the Lair.
 12791 | D:10     | 12791 ||| Stepping ~*~*~tactically~*~*~ (hiding).
 12958 | D:10     | 12958 ||| INVOKING Heroism.
 13025 | D:10     | 13025 ||| INVOKING Heroism.
 13048 | D:10     | 13048 ||| READING scroll of enchant armour.
 13048 | D:10     | 13048 ||| ENCHANTING +1 cloak.
 13179 | D:10     | 13179 ||| Stepping ~*~*~tactically~*~*~ (stealth).
 13202 | D:10     | 13202 ||| PLANNING LAIR
 13202 | D:10     | 13202 ||| UPGRADING to +2 pair of boots.
 13207 | D:10     | 13207 ||| UPGRADING to ring of protection from cold.
 13208 | D:10     | 13208 ||| UPGRADING to +4 ring of protection.
 13210 | D:10     | 13210 ||| DROPPING ring of positive energy.
 13268 | Lair:1   | Entered Level 1 of the Lair of Beasts
 13272 | Lair:1   | 13272 ||| Stepping ~*~*~tactically~*~*~ (stealth).
 13428 | Lair:1   | Identified the +1 robe of Masochism {Rampage}
 13536 | Lair:1   | 13536 ||| INVOKING Heroism.
 13676 | Lair:1   | 13676 ||| INVOKING Heroism.
 13759 | Lair:1   | 13759 ||| INVOKING Heroism.
 13856 | Lair:1   | 13856 ||| INVOKING Heroism.
 13993 | Lair:1   | 13993 ||| INVOKING Heroism.
 14289 | Lair:1   | Reached XP level 12. HP: 65/73 MP: 18/18
 14371 | Lair:1   | 14371 ||| UPGRADING to +4 ring of evasion.
 14373 | Lair:1   | 14373 ||| DROPPING +6 ring of dexterity.
 14404 | Lair:2   | 14404 ||| Stepping ~*~*~tactically~*~*~ (stealth).
 14407 | Lair:2   | 14407 ||| INVOKING Heroism.
 14419 | Lair:2   | Reached skill level 11 in Axes
 14419 | Lair:2   | Reached skill level 9 in Invocations
 14424 | Lair:2   | Noticed an eight-headed hydra
 14430 | Lair:2   | 14430 ||| SWAPPING to +1 antimagic flail.
 14431 | Lair:2   | 14431 ||| SWAPPING to +0 war axe.
 14433 | Lair:2   | 14433 ||| SWAPPING to +1 antimagic flail.
 14439 | Lair:2   | HP: 15/73 [eight-headed hydra (5)]
 14440 | Lair:2   | 14440 ||| READING 2 scrolls of teleportation.
 14441 | Lair:2   | 14441 ||| DRINKING 2 potions of heal wounds.
 14444 | Lair:2   | 14444 ||| SWAPPING to +0 war axe.
 14657 | Lair:2   | 14657 ||| INVOKING Heroism.
 14731 | Lair:2   | 14731 ||| Stepping ~*~*~tactically~*~*~ (stealth).
 14733 | Lair:2   | 14733 ||| Stepping ~*~*~tactically~*~*~ (stealth).
 14740 | Lair:2   | 14740 ||| Stepping ~*~*~tactically~*~*~ (stealth).
 14766 | Lair:2   | 14766 ||| INVOKING Heroism.
 14769 | Lair:2   | 14769 ||| SWAPPING to +1 antimagic flail.
 14772 | Lair:2   | 14772 ||| Stepping ~*~*~tactically~*~*~ (stealth).
 14784 | Lair:2   | Killed an eight-headed hydra
 14785 | Lair:2   | 14785 ||| SWAPPING to +0 war axe.
 14959 | Lair:2   | 14959 ||| Stepping ~*~*~tactically~*~*~ (stealth).
 14960 | Lair:2   | 14960 ||| Stepping ~*~*~tactically~*~*~ (stealth).
 14963 | Lair:2   | 14963 ||| Stepping ~*~*~tactically~*~*~ (stealth).
 15021 | Lair:2   | 15021 ||| Stepping ~*~*~tactically~*~*~ (stealth).
 15050 | Lair:2   | 15050 ||| INVOKING Heroism.
 15057 | Lair:2   | 15057 ||| Stepping ~*~*~tactically~*~*~ (stealth).
 15058 | Lair:2   | 15058 ||| Stepping ~*~*~tactically~*~*~ (stealth).
 15062 | Lair:2   | 15062 ||| INVOKING Heroism.
 15099 | Lair:2   | 15099 ||| Stepping ~*~*~tactically~*~*~ (stealth).
 15100 | Lair:2   | 15100 ||| Stepping ~*~*~tactically~*~*~ (stealth).
 15103 | Lair:2   | 15103 ||| Stepping ~*~*~tactically~*~*~ (stealth).
 15105 | Lair:2   | 15105 ||| Stepping ~*~*~tactically~*~*~ (stealth).
 15109 | Lair:2   | 15109 ||| INVOKING Heroism.
 15118 | Lair:2   | Reached ***** piety under Okawaru
 15118 | Lair:2   | Received a gift from Okawaru
 15151 | Lair:2   | 15151 ||| Stepping ~*~*~tactically~*~*~ (hiding).
 15155 | Lair:2   | 15155 ||| INVOKING Heroism.
 15159 | Lair:2   | Received a gift from Okawaru
 15160 | Lair:2   | 15160 ||| Stepping ~*~*~tactically~*~*~ (hiding).
 15161 | Lair:2   | 15161 ||| Stepping ~*~*~tactically~*~*~ (hiding).
 15356 | Lair:2   | 15356 ||| Stepping ~*~*~tactically~*~*~ (hiding).
 15432 | Lair:2   | 15432 ||| Stepping ~*~*~tactically~*~*~ (stealth).
 15498 | Lair:2   | Noticed a seven-headed hydra
 15499 | Lair:2   | 15499 ||| INVOKING Heroism.
 15500 | Lair:2   | 15500 ||| INVOKING Finesse.
 15502 | Lair:2   | 15502 ||| SWAPPING to +1 antimagic flail.
 15511 | Lair:2   | Killed a seven-headed hydra
 15512 | Lair:2   | Reached skill level 9 in Fighting
 15512 | Lair:2   | 15512 ||| SWAPPING to +0 war axe.
 15608 | Lair:2   | 15608 ||| Stepping ~*~*~tactically~*~*~ (stealth).
 15610 | Lair:2   | 15610 ||| INVOKING Heroism.
 15754 | Lair:2   | 15754 ||| Stepping ~*~*~tactically~*~*~ (stealth).
 15756 | Lair:2   | 15756 ||| Stepping ~*~*~tactically~*~*~ (stealth).
 15775 | Lair:2   | 15775 ||| INVOKING Heroism.
 15944 | Lair:2   | 15944 ||| Stepping ~*~*~tactically~*~*~ (stealth).
 15945 | Lair:2   | 15945 ||| INVOKING Heroism.
 15969 | Lair:2   | Found a staircase to the Swamp.
 16069 | Lair:2   | Noticed a six-headed hydra
 16070 | Lair:2   | 16070 ||| INVOKING Heroism.
 16071 | Lair:2   | 16071 ||| INVOKING Finesse.
 16074 | Lair:2   | 16074 ||| SWAPPING to +1 antimagic flail.
 16088 | Lair:2   | Killed a six-headed hydra
 16088 | Lair:2   | Received a gift from Okawaru
 16089 | Lair:2   | Reached skill level 12 in Axes
 16089 | Lair:2   | 16089 ||| SWAPPING to +0 war axe.
 16176 | Lair:2   | 16176 ||| SWAPPING to +0 broad axe of flaming.
 16177 | Lair:2   | 16177 ||| DROPPING +1 antimagic flail.
 16178 | Lair:2   | 16178 ||| DROPPING +0 war axe.
 16339 | Lair:2   | 16339 ||| INVOKING Heroism.
 16534 | Lair:2   | 16534 ||| UPGRADING to +0 helmet.
 16598 | Lair:3   | Noticed a boulder beetle
 16599 | Lair:3   | 16599 ||| INVOKING Heroism.
 16600 | Lair:3   | 16600 ||| INVOKING Finesse.
 16615 | Lair:3   | Killed a boulder beetle
 16723 | Lair:3   | Identified the +6 war axe of Kealol {drain, rC+ Will+}
 16725 | Lair:3   | 16725 ||| SWAPPING to +6 war axe of Kealol {drain, rC+
                  | Will+}.
 16836 | Lair:3   | Reached skill level 9 in Armour
 16929 | Lair:3   | 16929 ||| Stepping ~*~*~tactically~*~*~ (stealth).
 16931 | Lair:3   | 16931 ||| INVOKING Heroism.
 16937 | Lair:3   | Reached XP level 13. HP: 80/80 MP: 17/20
 16947 | Lair:3   | 16947 ||| Stepping ~*~*~tactically~*~*~ (stealth).
 16950 | Lair:3   | 16950 ||| Stepping ~*~*~tactically~*~*~ (stealth).
 16952 | Lair:3   | 16952 ||| Stepping ~*~*~tactically~*~*~ (hiding).
 17045 | Lair:3   | 17045 ||| Stepping ~*~*~tactically~*~*~ (hiding).
 17050 | Lair:3   | 17050 ||| INVOKING Heroism.
 17051 | Lair:3   | 17051 ||| INVOKING Finesse.
 17341 | Lair:3   | Found a hole to the Spider Nest.
 17476 | Lair:3   | 17476 ||| Stepping ~*~*~tactically~*~*~ (stealth).
 17478 | Lair:3   | 17478 ||| Stepping ~*~*~tactically~*~*~ (stealth).
 17489 | Lair:3   | 17489 ||| INVOKING Heroism.
 17774 | Lair:3   | 17774 ||| READING scroll labelled BOGAUD BACAONUTO.
 17780 | Lair:4   | 17780 ||| INVOKING Heroism.
 17782 | Lair:4   | 17782 ||| SWAPPING to +0 broad axe of flaming.
 17791 | Lair:4   | 17791 ||| SWAPPING to +6 war axe of Kealol {drain, rC+
                  | Will+}.
 17942 | Lair:4   | 17942 ||| INVOKING Heroism.
 17943 | Lair:4   | 17943 ||| Stepping ~*~*~tactically~*~*~ (stealth).
 18184 | Lair:4   | 18184 ||| INVOKING Heroism.
 18185 | Lair:4   | 18185 ||| Stepping ~*~*~tactically~*~*~ (stealth).
 18187 | Lair:4   | 18187 ||| Stepping ~*~*~tactically~*~*~ (stealth).
 18188 | Lair:4   | 18188 ||| Stepping ~*~*~tactically~*~*~ (stealth).
 18190 | Lair:4   | 18190 ||| Stepping ~*~*~tactically~*~*~ (stealth).
 18206 | Lair:4   | 18206 ||| Stepping ~*~*~tactically~*~*~ (stealth).
 18208 | Lair:4   | 18208 ||| Stepping ~*~*~tactically~*~*~ (stealth).
 18209 | Lair:4   | 18209 ||| Stepping ~*~*~tactically~*~*~ (stealth).
 18216 | Lair:4   | Received a gift from Okawaru
 18434 | Lair:4   | 18434 ||| INVOKING Heroism.
 18459 | Lair:4   | 18459 ||| Stepping ~*~*~tactically~*~*~ (hiding).
 18792 | Lair:5   | Entered Level 5 of the Lair of Beasts
 18793 | Lair:5   | 18793 ||| PLANNING GAUNTLET
 18793 | Lair:5   | 18793 ||| INVOKING Heroism.
 18796 | Lair:5   | 18796 ||| STAIRDANCE
 18921 | Lair:5   | 18921 ||| STAIRDANCE
 18971 | Lair:5   | Found a gate leading to a gauntlet.
 18979 | Lair:5   | 18979 ||| INVOKING Heroism.
 18990 | Gauntlet | Entered a Gauntlet
 18990 | Gauntlet | Found a transporter.
 18998 | Gauntlet | Found a transporter.
 19001 | Gauntlet | Found a transporter.
 19009 | Gauntlet | Found a runed translucent gate.
 19009 | Gauntlet | Found a runed translucent gate.
 19009 | Gauntlet | Found a runed translucent gate.
 19012 | Gauntlet | Found a transporter.
 19015 | Gauntlet | Found a transporter.
 19019 | Gauntlet | Found a runed translucent door.
 19019 | Gauntlet | Noticed a balrug
 19021 | Gauntlet | Found a runed translucent door.
 19023 | Gauntlet | Found a transporter.
 19036 | Gauntlet | Found a runed translucent door.
 19040 | Gauntlet | Found a transporter.
 19050 | Gauntlet | Found a transporter.
 19061 | Gauntlet | Found a transporter.
 19061 | Gauntlet | Noticed a dire elephant
 19076 | Gauntlet | Found a transporter.
 19090 | Gauntlet | Found a transporter.
 19090 | Gauntlet | Found a transporter.
 19134 | Gauntlet | Found a transporter.
 19152 | Gauntlet | Found a transporter.
 19270 | Gauntlet | 19270 ||| INVOKING Heroism.
 19448 | Gauntlet | Identified the ring "Maifotusch" {rF+ Will+ MP+9}
 19450 | Gauntlet | 19450 ||| UPGRADING to ring "Maifotusch" {rF+ Will+ MP+9}.
 19495 | Gauntlet | 19495 ||| READING 15 scrolls of identify.
 19495 | Gauntlet | 19495 ||| IDENTIFYING amethyst potion
 19514 | Gauntlet | 19514 ||| Stepping randomly (stuck).
 19517 | Gauntlet | 19517 ||| INVOKING Heroism.
 19554 | Gauntlet | 19554 ||| UPGRADING to +1 kite shield of protection.
 19564 | Gauntlet | 19564 ||| DROPPING +0 kite shield.
 19579 | Gauntlet | 19579 ||| INVOKING Heroism.
 19588 | Gauntlet | HP: 20/82 [burnt (2)]
 19589 | Gauntlet | 19589 ||| DRINKING potion of heal wounds.
 19597 | Gauntlet | Killed a balrug
 19597 | Gauntlet | Received a gift from Okawaru
 19791 | Gauntlet | 19791 ||| DROPPING +2 pair of gloves of hurling.
 19792 | Gauntlet | 19792 ||| DROPPING amulet of guardian spirit.
 19805 | Gauntlet | Noticed a minotaur
 19806 | Gauntlet | 19806 ||| Stepping ~*~*~tactically~*~*~ (hiding).
 19807 | Gauntlet | 19807 ||| Stepping ~*~*~tactically~*~*~ (hiding).
 19812 | Gauntlet | 19812 ||| INVOKING Heroism.
 19813 | Gauntlet | 19813 ||| INVOKING Finesse.
 19831 | Gauntlet | Killed a minotaur
 19832 | Gauntlet | Reached skill level 13 in Axes
 19930 | Gauntlet | 19930 ||| DROPPING scarf of invisibility.
 19931 | Gauntlet | 19931 ||| UPGRADING to +2 hat of see invisible.
 19941 | Gauntlet | 19941 ||| DROPPING +0 helmet.
 19953 | Lair:5   | 19953 ||| PLANNING LAIR
 20044 | Lair:5   | Found a staircase to the Slime Pits.
 20045 | Lair:5   | Found a viscous altar of Jiyva.
 20047 | Lair:5   | 20047 ||| Stepping ~*~*~tactically~*~*~ (stealth).
 20049 | Lair:5   | 20049 ||| FLEEEEING.
 20050 | Lair:5   | 20050 ||| FLEEEEING.
 20051 | Lair:5   | 20051 ||| FLEEEEING.
 20052 | Lair:5   | 20052 ||| FLEEEEING.
 20053 | Lair:5   | 20053 ||| FLEEEEING.
 20054 | Lair:5   | 20054 ||| FLEEEEING.
 20055 | Lair:5   | 20055 ||| FLEEEEING.
 20056 | Lair:5   | 20056 ||| FLEEEEING.
 20058 | Lair:5   | 20058 ||| FLEEEEING.
 20059 | Lair:5   | 20059 ||| FLEEEEING.
 20060 | Lair:5   | 20060 ||| FLEEEEING.
 20061 | Lair:5   | 20061 ||| FLEEEEING.
 20063 | Lair:5   | 20063 ||| FLEEEEING.
 20064 | Lair:5   | 20064 ||| FLEEEEING.
 20065 | Lair:5   | 20065 ||| FLEEEEING.
 20066 | Lair:5   | 20066 ||| FLEEEEING.
 20067 | Lair:5   | 20067 ||| FLEEEEING.
 20070 | Lair:5   | 20070 ||| FLEEEEING.
 20071 | Lair:5   | 20071 ||| FLEEEEING.
 20072 | Lair:5   | 20072 ||| FLEEEEING.
 20073 | Lair:5   | 20073 ||| FLEEEEING.
 20074 | Lair:5   | 20074 ||| FLEEEEING.
 20075 | Lair:5   | 20075 ||| FLEEEEING.
 20076 | Lair:5   | 20076 ||| FLEEEEING.
 20078 | Lair:5   | 20078 ||| FLEEEEING.
 20079 | Lair:5   | 20079 ||| FLEEEEING.
 20080 | Lair:5   | 20080 ||| FLEEEEING.
 20081 | Lair:5   | 20081 ||| FLEEEEING.
 20082 | Lair:5   | 20082 ||| FLEEEEING.
 20083 | Lair:5   | 20083 ||| FLEEEEING.
 20084 | Lair:5   | 20084 ||| FLEEEEING.
 20085 | Lair:5   | 20085 ||| FLEEEEING.
 20086 | Lair:5   | 20086 ||| FLEEEEING.
 20087 | Lair:5   | 20087 ||| FLEEEEING.
 20088 | Lair:5   | 20088 ||| FLEEEEING.
 20089 | Lair:5   | 20089 ||| FLEEEEING.
 20090 | Lair:5   | 20090 ||| STAIRDANCE
 20136 | Lair:4   | 20136 ||| READING 14 scrolls of identify.
 20136 | Lair:4   | 20136 ||| IDENTIFYING emerald potion
 20212 | Lair:5   | 20212 ||| Stepping ~*~*~tactically~*~*~ (stealth).
 20213 | Lair:5   | 20213 ||| Stepping ~*~*~tactically~*~*~ (stealth).
 20220 | Lair:5   | 20220 ||| Stepping ~*~*~tactically~*~*~ (stealth).
 20221 | Lair:5   | 20221 ||| Stepping ~*~*~tactically~*~*~ (stealth).
 20282 | Lair:5   | 20282 ||| INVOKING Heroism.
 20319 | Lair:5   | 20319 ||| Stepping ~*~*~tactically~*~*~ (stealth).
 20321 | Lair:5   | 20321 ||| INVOKING Heroism.
 20367 | Lair:5   | 20367 ||| Stepping ~*~*~tactically~*~*~ (stealth).
 20475 | Lair:5   | Noticed a dire elephant
 20475 | Lair:5   | Noticed a dire elephant
 20475 | Lair:5   | Noticed a dire elephant
 20557 | Lair:5   | Noticed a dire elephant
 20558 | Lair:5   | 20558 ||| INVOKING Heroism.
 20572 | Lair:5   | Killed a dire elephant
 20573 | Lair:5   | Gained mutation: Your large and strong wings let you fly.
                  | [Gargoyle growth]
 20573 | Lair:5   | Reached XP level 14. HP: 58/88 MP: 21/21
 20624 | Lair:5   | 20624 ||| FLEEEEING.
 20625 | Lair:5   | 20625 ||| FLEEEEING.
 20626 | Lair:5   | 20626 ||| FLEEEEING.
 20627 | Lair:5   | 20627 ||| FLEEEEING.
 20628 | Lair:5   | 20628 ||| FLEEEEING.
 20629 | Lair:5   | 20629 ||| FLEEEEING.
 20630 | Lair:5   | 20630 ||| FLEEEEING.
 20631 | Lair:5   | 20631 ||| FLEEEEING.
 20637 | Lair:5   | 20637 ||| FLEEEEING.
 20638 | Lair:5   | 20638 ||| FLEEEEING.
 20639 | Lair:5   | 20639 ||| FLEEEEING.
 20640 | Lair:5   | 20640 ||| FLEEEEING.
 20654 | Lair:5   | 20654 ||| FLEEEEING.
 20655 | Lair:5   | 20655 ||| FLEEEEING.
 20656 | Lair:5   | 20656 ||| STAIRDANCE
 20735 | Lair:5   | 20735 ||| STAIRDANCE
 20889 | Lair:5   | 20889 ||| Stepping ~*~*~tactically~*~*~ (stealth).
 20995 | Lair:5   | 20995 ||| INVOKING Heroism.
 21018 | Lair:5   | Reached skill level 14 in Axes
 21018 | Lair:5   | 21018 ||| Stepping ~*~*~tactically~*~*~ (hiding).
 21159 | Lair:5   | 21159 ||| INVOKING Heroism.
 21182 | Lair:5   | 21182 ||| Stepping ~*~*~tactically~*~*~ (stealth).
 21185 | Lair:5   | 21185 ||| Stepping ~*~*~tactically~*~*~ (stealth).
 21221 | Lair:5   | 21221 ||| INVOKING Heroism.
 21222 | Lair:5   | 21222 ||| INVOKING Finesse.
 21223 | Lair:5   | 21223 ||| INVOKING Finesse.
 21280 | Lair:5   | 21280 ||| INVOKING Heroism.
 21443 | Lair:5   | 21443 ||| INVOKING Heroism.
 21467 | Lair:5   | Killed a dire elephant
 21470 | Lair:5   | Killed a dire elephant
 21479 | Lair:5   | Killed a dire elephant
 21780 | Lair:5   | 21780 ||| PLANNING D:1-11
 21900 | D:11     | 21900 ||| INVOKING Heroism.
 21906 | D:11     | Identified the +2 broad axe "Ulutsaj" {antimagic, rCorr
                  | Str+5 Dex+2 Stlth+} (Okawaru gifted it to you on level 11
                  | of the Dungeon)
 21906 | D:11     | Received a gift from Okawaru
 21907 | D:11     | Reached skill level 12 in Shields
 21953 | D:11     | 21953 ||| SWAPPING to +2 broad axe "Ulutsaj" {antimagic,
                  | rCorr Str+5 Dex+2 Stlth+}.
 22059 | D:11     | 22059 ||| INVOKING Heroism.
 22186 | D:11     | Reached skill level 3 in Dodging
 22201 | D:11     | 22201 ||| Stepping ~*~*~tactically~*~*~ (hiding).
 22498 | D:11     | 22498 ||| INVOKING Heroism.
 22583 | D:11     | 22583 ||| FLEEEEING.
 22584 | D:11     | 22584 ||| FLEEEEING.
 22585 | D:11     | 22585 ||| Stepping ~*~*~tactically~*~*~ (stealth).
 22671 | D:11     | 22671 ||| Stepping ~*~*~tactically~*~*~ (stealth).
 22951 | D:11     | 22951 ||| PLANNING D
 23019 | D:12     | 23019 ||| INVOKING Heroism.
 23045 | D:12     | 23045 ||| INVOKING Heroism.
 23049 | D:12     | HP: 11/90 [skeletal warrior/+0 long sword (13)]
 23050 | D:12     | 23050 ||| READING 3 scrolls of teleportation.
 23051 | D:12     | 23051 ||| DRINKING potion of heal wounds.
 23339 | D:12     | 23339 ||| INVOKING Heroism.
 23463 | D:12     | Found an ornate altar of the Wu Jian Council.
 23509 | D:12     | Noticed Kirke
 23509 | D:12     | 23509 ||| Stepping ~*~*~tactically~*~*~ (stealth).
 23524 | D:12     | 23524 ||| INVOKING Heroism.
 23526 | D:12     | 23526 ||| INVOKING Finesse.
 23561 | D:12     | Killed Kirke
 23562 | D:12     | Reached skill level 15 in Axes
 23616 | D:12     | 23616 ||| INVOKING Heroism.
 23966 | D:12     | 23966 ||| Stepping ~*~*~tactically~*~*~ (stealth).
 23968 | D:12     | 23968 ||| INVOKING Heroism.
 23986 | D:12     | 23986 ||| Stepping ~*~*~tactically~*~*~ (stealth).
 23995 | D:12     | Found Otzuu's Distillery.
 24004 | D:12     | 24004 ||| BUYING potion of attraction (33 gold).
 24004 | D:12     | Bought a potion of attraction for 33 gold pieces
 24004 | D:12     | 24004 ||| BUYING potion of cancellation (88 gold).
 24004 | D:12     | Bought a potion of cancellation for 88 gold pieces
 24004 | D:12     | 24004 ||| BUYING potion of curing (33 gold).
 24004 | D:12     | Bought a potion of curing for 33 gold pieces
 24004 | D:12     | 24004 ||| BUYING potion of curing (33 gold).
 24004 | D:12     | Bought a potion of curing for 33 gold pieces
 24004 | D:12     | 24004 ||| BUYING potion of haste (110 gold).
 24004 | D:12     | Bought a potion of haste for 110 gold pieces
 24004 | D:12     | 24004 ||| BUYING potion of heal wounds (55 gold).
 24004 | D:12     | Bought a potion of heal wounds for 55 gold pieces
 24087 | D:13     | 24087 ||| STAIRDANCE
 24136 | D:13     | Received a gift from Okawaru
 24174 | D:13     | 24174 ||| Stepping ~*~*~tactically~*~*~ (stealth).
 24175 | D:13     | 24175 ||| Stepping ~*~*~tactically~*~*~ (stealth).
 24177 | D:13     | 24177 ||| Stepping ~*~*~tactically~*~*~ (hiding).
 24194 | D:13     | 24194 ||| Stepping ~*~*~tactically~*~*~ (stealth).
 24197 | D:13     | 24197 ||| INVOKING Heroism.
 24219 | D:13     | Reached XP level 15. HP: 64/94 MP: 10/22
 24349 | D:13     | 24349 ||| Stepping ~*~*~tactically~*~*~ (hiding).
 24351 | D:13     | 24351 ||| INVOKING Heroism.
 24925 | D:13     | 24925 ||| DROPPING ring of see invisible.
 24991 | D:14     | 24991 ||| Stepping ~*~*~tactically~*~*~ (stealth).
 25007 | D:14     | 25007 ||| INVOKING Heroism.
 25011 | D:14     | Noticed Lodul
 25024 | D:14     | Reached skill level 12 in Fighting
 25026 | D:14     | Killed Lodul
 25428 | D:14     | 25428 ||| READING scroll of enchant armour.
 25428 | D:14     | 25428 ||| ENCHANTING +0 plate armour.
 25561 | D:14     | 25561 ||| Stepping ~*~*~tactically~*~*~ (hiding).
 25562 | D:14     | 25562 ||| INVOKING Heroism.
 25648 | D:14     | 25648 ||| Stepping ~*~*~tactically~*~*~ (stealth).
 25661 | D:14     | 25661 ||| INVOKING Heroism.
 25662 | D:14     | 25662 ||| SWAPPING to +0 broad axe of flaming.
 25663 | D:14     | Received a gift from Okawaru
 25670 | D:14     | 25670 ||| SWAPPING to +2 broad axe "Ulutsaj" {antimagic,
                  | rCorr Str+5 Dex+2 Stlth+}.
 25861 | D:14     | Found Meestraemn's Book Boutique.
 25929 | D:14     | Found a gate to the Vaults.
 25990 | D:14     | 25990 ||| DROPPING +1 hat of intelligence.
 26004 | D:15     | Entered Level 15 of the Dungeon
 26004 | D:15     | Noticed Nessos
 26005 | D:15     | 26005 ||| INVOKING Finesse.
 26013 | D:15     | Killed Nessos
 26186 | D:15     | 26186 ||| INVOKING Heroism.
 26187 | D:15     | 26187 ||| INVOKING Finesse.
 26188 | D:15     | 26188 ||| SWAPPING to +0 broad axe of flaming.
 26197 | D:15     | 26197 ||| SWAPPING to +2 broad axe "Ulutsaj" {antimagic,
                  | rCorr Str+5 Dex+2 Stlth+}.
 26253 | D:15     | 26253 ||| INVOKING Heroism.
 26494 | D:15     | 26494 ||| FLEEEEING.
 26495 | D:15     | 26495 ||| FLEEEEING.
 26496 | D:15     | 26496 ||| FLEEEEING.
 26497 | D:15     | 26497 ||| FLEEEEING.
 26498 | D:15     | 26498 ||| FLEEEEING.
 26506 | D:15     | 26506 ||| FLEEEEING.
 26510 | D:15     | 26510 ||| FLEEEEING.
 26513 | D:15     | 26513 ||| STAIRDANCE
 26598 | D:15     | 26598 ||| INVOKING Heroism.
 26615 | D:15     | Reached skill level 16 in Axes
 26880 | D:15     | Found Foinoddy's Book Shop.
 26924 | D:15     | Found Pirag's Assorted Antiques.
 26942 | D:15     | 26942 ||| BUYING potion of haste (350 gold).
 26942 | D:15     | Bought a potion of haste for 350 gold pieces
 26942 | D:15     | 26942 ||| BUYING scroll labelled PIN TYZATSI (35 gold).
 26942 | D:15     | Bought a scroll labelled PIN TYZATSI for 35 gold pieces
 26942 | D:15     | 26942 ||| BUYING scroll of enchant armour (262 gold).
 26942 | D:15     | Bought a scroll of enchant armour for 262 gold pieces
 26942 | D:15     | 26942 ||| READING scroll of enchant armour.
 26942 | D:15     | 26942 ||| ENCHANTING +1 plate armour.
 27004 | D:15     | Found Zatolad's Armour Shoppe.
 27018 | D:15     | 27018 ||| BUYING +2 helmet of intelligence (322 gold).
 27018 | D:15     | Bought a +2 helmet of intelligence for 322 gold pieces
 27060 | D:15     | Found Qipnu Keu's General Store.
 27069 | D:15     | 27069 ||| BUYING potion of attraction (48 gold).
 27069 | D:15     | Bought a potion of attraction for 48 gold pieces
 27069 | D:15     | 27069 ||| BUYING scroll of teleportation (48 gold).
 27069 | D:15     | Bought a scroll of teleportation for 48 gold pieces
 27069 | D:15     | 27069 ||| BUYING scroll of teleportation (48 gold).
 27069 | D:15     | Bought a scroll of teleportation for 48 gold pieces
 27376 | D:15     | Found a staircase to the Depths.
 27377 | D:15     | 27377 ||| INVOKING Heroism.
 27411 | D:15     | 27411 ||| PLANNING ORC
 27411 | D:15     | 27411 ||| READING scroll labelled PIN TYZATSI.
 27411 | D:15     | 27411 ||| ACQUIRING 1038 gold pieces
 27411 | D:15     | Acquired 1038 gold pieces
 27543 | Orc:1    | Entered Level 1 of the Orcish Mines
 27590 | Orc:2    | Entered Level 2 of the Orcish Mines
 27597 | Orc:2    | 27597 ||| Stepping ~*~*~tactically~*~*~ (stealth).
 27601 | Orc:2    | 27601 ||| INVOKING Heroism.
 27675 | Orc:2    | Found a staircase to the Elven Halls.
 27870 | Orc:2    | 27870 ||| Stepping ~*~*~tactically~*~*~ (hiding).
 27872 | Orc:2    | 27872 ||| Stepping ~*~*~tactically~*~*~ (hiding).
 27876 | Orc:2    | 27876 ||| Stepping ~*~*~tactically~*~*~ (hiding).
 27962 | Orc:2    | 27962 ||| Stepping ~*~*~tactically~*~*~ (stealth).
 27963 | Orc:2    | 27963 ||| Stepping ~*~*~tactically~*~*~ (hiding).
 27964 | Orc:2    | 27964 ||| Stepping ~*~*~tactically~*~*~ (hiding).
 27965 | Orc:2    | 27965 ||| Stepping ~*~*~tactically~*~*~ (hiding).
 27966 | Orc:2    | 27966 ||| INVOKING Heroism.
 28019 | Orc:2    | 28019 ||| INVOKING Heroism.
 28050 | Orc:2    | Reached skill level 6 in Throwing
 28107 | Orc:2    | 28107 ||| Stepping ~*~*~tactically~*~*~ (hiding).
 28113 | Orc:2    | 28113 ||| INVOKING Heroism.
 28117 | Orc:2    | Found Oponopaj's Armour Shoppe.
 28149 | Orc:2    | HP: 21/96 [orc warrior/+0 halberd (8)]
 28150 | Orc:2    | 28150 ||| READING 5 scrolls of teleportation.
 28151 | Orc:2    | 28151 ||| DRINKING potion of heal wounds.
 28415 | Orc:2    | 28415 ||| Stepping ~*~*~tactically~*~*~ (hiding).
 28442 | Orc:2    | 28442 ||| INVOKING Heroism.
 28469 | Orc:2    | 28469 ||| Stepping ~*~*~tactically~*~*~ (stealth).
 28474 | Orc:2    | 28474 ||| Stepping ~*~*~tactically~*~*~ (stealth).
 28476 | Orc:2    | 28476 ||| Stepping ~*~*~tactically~*~*~ (hiding).
 28487 | Orc:2    | 28487 ||| INVOKING Heroism.
 28489 | Orc:2    | 28489 ||| Stepping ~*~*~tactically~*~*~ (hiding).
 28541 | Orc:2    | 28541 ||| Stepping ~*~*~tactically~*~*~ (stealth).
 28542 | Orc:2    | 28542 ||| INVOKING Heroism.
 28551 | Orc:2    | HP: 17/96 [sun demon[an orc high priest] (8)]
 28552 | Orc:2    | 28552 ||| READING 4 scrolls of teleportation.
 28922 | Orc:2    | 28922 ||| INVOKING Heroism.
 28928 | Orc:2    | Received a gift from Okawaru
 29010 | Orc:2    | Found Foytit's Magic Scroll Boutique.
 29017 | Orc:2    | 29017 ||| BUYING 3 scrolls of brand weapon (456 gold).
 29017 | Orc:2    | Bought 3 scrolls of brand weapon for 456 gold pieces
 29017 | Orc:2    | 29017 ||| BUYING scroll of enchant weapon (120 gold).
 29017 | Orc:2    | Bought a scroll of enchant weapon for 120 gold pieces
 29017 | Orc:2    | 29017 ||| BUYING scroll of enchant weapon (120 gold).
 29017 | Orc:2    | Bought a scroll of enchant weapon for 120 gold pieces
 29017 | Orc:2    | Found Tynepp's Antique Armour Boutique.
 29019 | Orc:2    | Found Neamor's Assorted Antiques.
 29025 | Orc:2    | 29025 ||| BUYING shiny plate armour (832 gold).
 29025 | Orc:2    | Bought a shiny plate armour for 832 gold pieces
 29096 | Orc:2    | 29096 ||| UPGRADING to +3 plate armour of fire resistance.
 29106 | Orc:2    | 29106 ||| DROPPING +2 plate armour.
 29107 | Orc:2    | 29107 ||| UPGRADING to +4 ring of protection.
 29191 | Orc:1    | 29191 ||| Stepping ~*~*~tactically~*~*~ (stealth).
 29217 | Orc:1    | 29217 ||| Stepping ~*~*~tactically~*~*~ (hiding).
 29223 | Orc:1    | 29223 ||| Stepping ~*~*~tactically~*~*~ (stealth).
 29228 | Orc:1    | 29228 ||| INVOKING Heroism.
 29381 | Orc:1    | 29381 ||| INVOKING Heroism.
 29443 | Orc:1    | 29443 ||| PLANNING SPIDER:1-3
 29596 | Spider:1 | Entered Level 1 of the Spider Nest
 29597 | Spider:1 | 29597 ||| INVOKING Heroism.
 29651 | Spider:1 | 29651 ||| Stepping ~*~*~tactically~*~*~ (stealth).
 29652 | Spider:1 | 29652 ||| Stepping ~*~*~tactically~*~*~ (stealth).
 29667 | Spider:1 | 29667 ||| INVOKING Heroism.
 29674 | Spider:1 | 29674 ||| Stepping ~*~*~tactically~*~*~ (stealth).
 29795 | Spider:1 | 29795 ||| Stepping ~*~*~tactically~*~*~ (stealth).
 29796 | Spider:1 | 29796 ||| Stepping ~*~*~tactically~*~*~ (stealth).
 29820 | Spider:1 | Identified the +1 pair of gloves "Heanopan" {Harm Rampage
                  | *Corrode} (Okawaru gifted it to you on level 1 of the
                  | Spider Nest)
 29820 | Spider:1 | Received a gift from Okawaru
 29821 | Spider:1 | Reached XP level 16. HP: 84/101 MP: 7/23
 30036 | Spider:1 | 30036 ||| INVOKING Heroism.
 30069 | Spider:1 | 30069 ||| Stepping ~*~*~tactically~*~*~ (stealth).
 30076 | Spider:1 | 30076 ||| Stepping ~*~*~tactically~*~*~ (stealth).
 30259 | Spider:1 | 30259 ||| Stepping ~*~*~tactically~*~*~ (stealth).
 30267 | Spider:1 | 30267 ||| INVOKING Heroism.
 30396 | Spider:1 | 30396 ||| Stepping ~*~*~tactically~*~*~ (stealth).
 30398 | Spider:1 | 30398 ||| INVOKING Heroism.
 30399 | Spider:1 | 30399 ||| Stepping ~*~*~tactically~*~*~ (stealth).
 30590 | Spider:1 | 30590 ||| DROPPING +1 pair of gloves "Heanopan" {Harm
                  | Rampage *Corrode}.
 30601 | Spider:2 | 30601 ||| Stepping ~*~*~tactically~*~*~ (stealth).
 30605 | Spider:2 | 30605 ||| DRINKING 13 potions of curing.
 30605 | Spider:2 | 30605 ||| (to cure confusion)
 30606 | Spider:2 | 30606 ||| INVOKING Heroism.
 30608 | Spider:2 | Reached skill level 17 in Axes
 30610 | Spider:2 | 30610 ||| INVOKING Finesse.
 30614 | Spider:2 | 30614 ||| Stepping ~*~*~tactically~*~*~ (hiding).
 30657 | Spider:2 | HP: 19/101 [boulder beetle (13)]
 30658 | Spider:2 | 30658 ||| READING 4 scrolls of teleportation.
 30663 | Spider:2 | HP: 4/101 [disintegration (16)]
 30666 | Spider:2 | 30666 ||| READING 3 scrolls of teleportation.
 30713 | Spider:2 | 30713 ||| READING 2 scrolls of teleportation.
 30714 | Spider:2 | 30714 ||| INVOKING Heroism.
 30716 | Spider:2 | 30716 ||| READING scroll of teleportation.
 30717 | Spider:2 | HP: 16/101 [burnt (1)]
 30726 | Spider:2 | Reached skill level 12 in Armour
 30735 | Spider:2 | HP: 16/101 [demonic crawler (3)]
 30737 | Spider:2 | 30737 ||| INVOKING Finesse.
 30759 | Spider:2 | HP: 11/101 [radroach (8)]
 30834 | Spider:2 | 30834 ||| INVOKING Heroism.
 30898 | Spider:2 | 30898 ||| INVOKING Heroism.
 30913 | Spider:2 | HP: 16/103 [meliai/divine providence (16)]
 30918 | Spider:2 | 30918 ||| INVOKING Heroism.
 30922 | Spider:2 | HP: 9/103 [sun moth (9)]
 30925 | Spider:2 | Blown up by a sun moth

Levels and vault maps discovered:
D:1:      lightli_arrival_isolated_outpost, layout_rooms,
          ebering_ecumenical_altar_petrified, amcnicky_mini_rare_corridor_liquid
D:2:      minmay_inner_zag, layout_basic
D:3:      minmay_goblin_kobold_castle, layout_basic, hangedman_glass_garden,
          kennysheep_pointless_box, hangedman_decor_growths, dk_noncrumbling_4
D:4:      layout_basic, mainiacjoe_overflow_concentric_impassable
D:5:      layout_basic, mainiacjoe_overflow_alcove_1, uniq_blork_the_orc
D:6:      layout_loops_corners, minmay_temple_entry_statues_fountains
D:7:      layout_basic, serial_shops, nicolae_stop_n_shop_2,
          minmay_misc_feat_iff
D:8:      layout_gridville, grunt_temple_overflow_cloverleaf,
          mainiacjoe_overflow_six_doors_small
D:9:      layout_roguey [special_room_bee], david_orc_1_choice, wad_mini_maze
D:10:     layout_basic, nicolae_ru_the_path_less_chosen, uniq_erolcha,
          uniq_amaemon, uniq_nergalle
D:11:     layout_cave_pods, wad_dig_loot
D:12:     layout_roguey, serial_shops, nicolae_shop_stone,
          pdpol_wu_jian_five_deadly_venoms, uniq_kirke
D:13:     layout_cave_pools, chequers_serial_rivers_small_3,
          nicolae_elevator_lobby_plus
D:14:     layout_loops_ring, david_vaults_2, serial_bayou_pond_d, serial_shops,
          nicolae_shop_advertising_works [nicolae_subvault_shop_adworks],
          uniq_lodul
D:15:     grunt_enter_depths_snipers, layout_basic,
          minmay_misc_feat_more_columns, serial_shops, nicolae_shop_waterfront,
          nicolae_shop_statue_plus, nicolae_lakefront_shop, nicolae_shop_trees,
          uniq_nessos
Temple:   nicolae_temple_bog_church
Lair:1:   layout_roguey
Lair:2:   layout_regular_city, nicolae_swamp_entry_splash_gauntlet,
          grunt_megastairs_1, infiniplex_staircase_pool
Lair:3:   layout_roguey, dummy_spider_entry, nicolae_lair_run_with_the_wolves
Lair:4:   layout_gridlike
Lair:5:   due_jungle_book, layout_big_grid, nicolae_slime_entry_slimehenge,
          gauntlet_entry_generic, minivault_19, serial_bayou_pond_a,
          grunt_megastairs_2
Spider:1: layout_spider_delve
Spider:2: layout_cave_pods, hangedman_stitches_earthworm, uniq_nikola
Orc:1:    layout_diamond_mine, serial_shops, basic_altar
Orc:2:    st_orc_elflike, layout_caves, rock_pile

Skill      XL: |  1  2  3  4  5  6  7  8  9 10 11 12 13 14 15 16 |
---------------+-------------------------------------------------+-----
Axes           | 2 3 4 5 6 7 8 9 10 12 13 15 16 17 | 17.0
Dodging        | 1 2 3 |  3.0
Fighting       | 4 5 6 7 8 9 10 11 12 13 | 13.0
Armour         | 4 6 7 9 10 11 12 | 12.0
Invocations    | 4 8 10 | 10.0
Shields        | 6 9 10 11 12 13 | 13.0
Throwing       | 1 2 3 5 6 7 |  7.0

Action                   |  1- 3 |  4- 6 |  7- 9 | 10-12 | 13-15 | 16-18 || total
-------------------------+-------+-------+-------+-------+-------+-------++-------
Melee: War axe           |   109 |   222 |   287 |   722 |   529 |       ||  1869
       Flail             |       |       |       |    41 |       |       ||    41
       Broad axe         |       |       |       |    17 |   717 |   187 ||   921
Throw: Javelin           |       |       |       |    53 |   126 |     8 ||   187
       Boomerang         |       |       |       |       |    47 |    11 ||    58
Invok: Heroism           |       |       |     8 |    40 |    50 |     8 ||   106
       Finesse           |       |       |       |     3 |     6 |     2 ||    11
  Use: Scroll            |     1 |    12 |     9 |     8 |     9 |     4 ||    43
       Potion            |     1 |     2 |     5 |     2 |     3 |     1 ||    14
Armor: Scale mail        |    51 |     2 |       |       |       |       ||    53
       Chain mail        |       |   147 |   153 |    13 |       |       ||   313
       Plate armour      |       |       |       |   491 |   586 |    84 ||  1161
Dodge: Dodged            |    43 |   109 |    89 |   339 |   438 |    92 ||  1110
Block: Buckler           |    18 |    56 |    56 |       |       |       ||   130
       Kite shield       |       |       |    15 |   530 |   739 |   102 ||  1386

Table legend:
 A = Non-vault XP
 B = Vault XP
 C = Vault XP percentage of total XP
 D = Non-vault monster count
 E = Vault monster count
 F = Vault count percentage of total count
                 A         B        C        D         E       F
            +---------+---------+-------+---------+---------+-------
      Total |  100165 |   52460 |  34.4 |     518 |     224 |  30.2
            +---------+---------+-------+---------+---------+-------
        D:1 |      32 |       0 |   0.0 |      17 |       0 |   0.0
        D:2 |      52 |       7 |  11.9 |      23 |       5 |  17.9
        D:3 |     138 |     245 |  64.0 |      19 |      51 |  72.9
        D:4 |     564 |       0 |   0.0 |      19 |       0 |   0.0
        D:5 |     597 |      99 |  14.2 |      19 |       1 |   5.0
        D:6 |     871 |       0 |   0.0 |      22 |       0 |   0.0
        D:7 |    1278 |       0 |   0.0 |      19 |       0 |   0.0
        D:8 |    1782 |       0 |   0.0 |      22 |       0 |   0.0
        D:9 |    1751 |    3707 |  67.9 |      15 |      39 |  72.2
       D:10 |    1088 |    1620 |  59.8 |      17 |       2 |  10.5
       D:11 |    4385 |    1378 |  23.9 |      20 |       2 |   9.1
       D:12 |    6448 |    2740 |  29.8 |      19 |       7 |  26.9
       D:13 |    6335 |       0 |   0.0 |      24 |       0 |   0.0
       D:14 |    7434 |    3130 |  29.6 |      15 |      10 |  40.0
       D:15 |    4072 |    3728 |  47.8 |      13 |       4 |  23.5
     Lair:1 |    4615 |       0 |   0.0 |      21 |       0 |   0.0
     Lair:2 |    9907 |    2047 |  17.1 |      36 |      10 |  21.7
     Lair:3 |    4721 |    1561 |  24.8 |      13 |      10 |  43.5
     Lair:4 |    6281 |     460 |   6.8 |      19 |       1 |   5.0
     Lair:5 |    5079 |   15145 |  74.9 |      14 |      35 |  71.4
   Spider:1 |   14806 |       0 |   0.0 |      44 |       0 |   0.0
   Spider:2 |   12595 |    3502 |  21.8 |      32 |       5 |  13.5
      Orc:1 |    3952 |       0 |   0.0 |      25 |       0 |   0.0
      Orc:2 |    1382 |    8907 |  86.6 |      31 |      30 |  49.2
   Gauntlet |       0 |    4184 | 100.0 |       0 |      12 | 100.0
            +---------+---------+-------+---------+---------+-------
